[Event "Faroes Open 2018"]
[Site "Sandavagur"]
[Date "2018.07.09"]
[Round "3"]
[White "Nielsen, Høgni Egilstoft"]
[Black "Greenfeld, Alon"]
[Result "1/2-1/2"]
[ECO "C50"]
[WhiteElo "2397"]
[BlackElo "2496"]
[Annotator "ChessBase"]
[PlyCount "110"]
[EventDate "2018.07.07"]
[EventType "swiss"]
[EventCountry "FAI"]
[SourceTitle "playchess.com"]
[Source "ChessBase"]
[SourceQuality "1"]
[TimeControl "40/5400+30:900+30"]

1. e4 e5 2. Nf3 Nc6 3. Bc4 Nf6 4. d3 Bc5 5. c3 O-O 6. O-O d5 7. exd5 Nxd5 8. Bg5 Be7 9. Bxe7 Ndxe7 10. Re1 Ng6 11. Nbd2 Nf4 12. Nf1 Qf6 13. Re3 Bg4 14. h3 Bf5 15. Ng3 Rad8 16. Qf1 a6 17. Rd1 Rfe8 18. d4 exd4 19. Rxe8+ Rxe8 20. Nxd4 Nxd4 21. Rxd4 Bg6 22. Qc1 Ne6 23. Rd7 Nc5 24. Rd5 b6 25. Qd2 h6 26. Kh2 a5 27. b4 axb4 28. cxb4 Ne4 29. Nxe4 Rxe4 30. Bb3 c6 31. Rd8+ Kh7 32. Qd6 Qxf2 33. Qb8 Qf4+ 34. Qxf4 Rxf4 35. Rd6 Rxb4 36. Rxc6 h5 37. Kg3 h4+ 38. Kf2 Kh6 39. Ke3 Kg5 40. Rd6 Re4+ 41. Kf3 Rf4+ 42. Ke3 Rf6 43. Rd5+ Rf5 44. Rd4 Re5+ 45. Kf2 Bh5 46. Rb4 b5 47. a4 bxa4 48. Bxa4 Rc5 49. Rb5 Rxb5 50. Bxb5 Kf4 51. Be8 Bg6 52. Bc6 Be4 53. Be8 f6 54. Bd7 g5 55. Bb5 f5 1/2-1/2

[Event "Faroes Open 2018"]
[Site "Sandavagur"]
[Date "2018.07.09"]
[Round "3"]
[White "Kristiansen, Jens"]
[Black "Hruby, Milan"]
[Result "1/2-1/2"]
[ECO "D32"]
[WhiteElo "2380"]
[BlackElo "2031"]
[Annotator "NA"]
[PlyCount "68"]
[EventDate "2018.07.07"]
[EventType "swiss"]
[EventCountry "FAI"]
[SourceTitle "playchess.com"]
[Source "ChessBase"]
[SourceQuality "1"]
[TimeControl "40/5400+30:900+30"]

1. d4 d5 2. c4 e6 3. Nc3 c5 4. e3 Nc6 5. Nf3 Nf6 6. cxd5 exd5 7. Bb5 cxd4 8. Nxd4 Bd7 9. O-O Bd6 {[%emt 0:09:06] D32: Tarrasch Defence: Sidelines and lines without g3} 10. b3 O-O 11. Bb2 Re8 12. Rc1 (12. Nf3 Bg4 13. Bxc6 bxc6 14. Rc1 Be5 15. Na4 Bxb2 16. Nxb2 Rc8 17. h3 Bxf3 18. Qxf3 {½-½ (61) So,W (2778)-Anand,V (2759) Leuven 2018}) 12... Qe7 $146 ({Predecessor:} 12... Nxd4 13. Bxd7 Qxd7 14. Qxd4 Be5 15. Qd3 d4 16. exd4 Qxd4 17. Qf3 Qd2 18. Ba1 Rac8 {½-½ (37) Meister,J (2385)-Yakovich,Y (2450) Barnaul 1988}) 13. Nf3 Be6 14. Ne2 Rac8 15. Nfd4 Bd7 16. Ng3 Nxd4 17. Rxc8 Nxb5 18. Rxe8+ Nxe8 19. Qxd5 Bc6 20. Qd3 Be5 21. Bxe5 Qxe5 22. Rd1 g6 23. Ne2 Nf6 24. a4 Nc7 25. Qd4 Qd5 26. Qxd5 Bxd5 27. Nd4 Ne6 28. Nxe6 fxe6 29. b4 Kf7 30. Rc1 Ke7 31. f3 Kd8 32. Rc3 a6 33. e4 Bc6 34. a5 e5 $11 1/2-1/2

[Event "Faroes Open 2018"]
[Site "Sandavagur"]
[Date "2018.07.09"]
[Round "3"]
[White "Nilssen, John Arni"]
[Black "Haubro, Siv"]
[Result "1-0"]
[ECO "A95"]
[WhiteElo "2301"]
[BlackElo "1780"]
[Annotator "NA"]
[PlyCount "32"]
[EventDate "2018.07.07"]
[EventType "swiss"]
[EventCountry "FAI"]
[SourceTitle "playchess.com"]
[Source "ChessBase"]
[SourceQuality "1"]
[TimeControl "40/5400+30:900+30"]

1. c4 f5 2. g3 Nf6 3. Bg2 c6 4. Nc3 e6 5. d4 d5 6. Nf3 Be7 7. O-O O-O 8. Bf4 Ne4 9. Qc2 Nd7 10. Rad1 Ndf6 11. Ne5 Nh5 12. Bc1 Bd6 13. e3 Bd7 14. Ne2 Qc7 15. f3 Ng5 16. Nxd7 Qxd7 1-0

[Event "Faroes Open 2018"]
[Site "Sandavagur"]
[Date "2018.07.09"]
[Round "3"]
[White "Simonsen, Hans Kristian"]
[Black "Gregersen, Einar"]
[Result "1/2-1/2"]
[ECO "E81"]
[WhiteElo "2150"]
[BlackElo "1665"]
[Annotator "NA"]
[PlyCount "70"]
[EventDate "2018.07.07"]
[EventType "swiss"]
[EventCountry "FAI"]
[SourceTitle "playchess.com"]
[Source "ChessBase"]
[SourceQuality "1"]
[TimeControl "40/5400+30:900+30"]

1. d4 Nf6 2. c4 g6 3. f3 Bg7 4. e4 d6 5. Nc3 O-O 6. Nge2 e5 7. Bg5 Nc6 8. d5 Ne7 9. Qd2 Ne8 10. g4 f6 11. Bh6 g5 12. Bxg7 Kxg7 13. h4 h6 14. Ng3 Ng6 15. hxg5 fxg5 16. Nf5+ Bxf5 17. gxf5 Nf4 18. O-O-O Nf6 19. Ne2 N6h5 20. Nc3 Rh8 21. Kb1 Kf6 22. Rc1 Qd7 23. Nd1 b6 24. Qh2 a5 25. Ne3 Rag8 26. Qg1 Qe8 27. Rc2 Rg7 28. Rch2 Rgh7 29. Ng4+ Kg7 30. f6+ Nxf6 31. Ne3 Kg6 32. Bh3 Nxh3 33. Rxh3 Qd7 34. Nf5 Ng8 35. Rg3 Ne7 1/2-1/2

[Event "Faroes Open 2018"]
[Site "Sandavagur"]
[Date "2018.07.09"]
[Round "3"]
[White "Spiesberger, Gerhard"]
[Black "Jotic, Vladimir"]
[Result "0-1"]
[ECO "A45"]
[WhiteElo "2043"]
[BlackElo "2387"]
[Annotator "NA"]
[PlyCount "116"]
[EventDate "2018.07.07"]
[EventType "swiss"]
[EventCountry "FAI"]
[SourceTitle "playchess.com"]
[Source "ChessBase"]
[SourceQuality "1"]
[TimeControl "40/5400+30:900+30"]

1. d4 Nf6 2. Nc3 c5 3. e3 d5 4. Nf3 Nc6 5. Bb5 e6 6. O-O {[%emt 0:05:47] D00: 1 d4 d5: Unusual lines} Bd6 (6... Bd7 7. b3 cxd4 8. exd4 a6 9. Bd3 Bd6 10. Ne2 O-O 11. Bf4 Bxf4 12. Nxf4 Qc7 13. Qd2 Rfe8 {½-½ (45) Hering,H (2274)-De la Rosa Solorzano,J (2241) ICCF email 2016}) 7. Re1 O-O 8. Bxc6 bxc6 9. e4 cxd4 10. Qxd4 $146 {[%emt 0:03:35] [#]} ({Predecessor:} 10. Nxd4 c5 11. Nf3 dxe4 12. Nxe4 Nxe4 13. Rxe4 Bxh2+ {0-1 (13) Zukan,J (1088)-Fetisov,I (1503) LSS email 2009}) 10... e5 $1 11. Qd3 d4 12. Ne2 Nd7 13. Ng3 g6 14. Bh6 Re8 15. Ng5 Nc5 16. Qe2 Ne6 17. Nxe6 Bxe6 18. Qd2 Rb8 19. Qc1 Bf8 20. Bxf8 Rxf8 21. b3 h5 22. Qh6 h4 23. Nf1 Qf6 24. Nd2 h3 25. Nf3 hxg2 26. Ng5 Rfe8 27. Rad1 Qg7 28. Qh4 Bd7 29. Rd3 f6 30. Nf3 c5 31. Nd2 g5 32. Qh5 Qh7 33. Qxh7+ Kxh7 34. Kxg2 Kg6 35. Nf1 Rh8 36. c3 Rh4 37. cxd4 cxd4 38. Ng3 Rc8 39. Rdd1 Rc2 40. Re2 Rxe2 41. Nxe2 Rxe4 42. Ng3 Rh4 43. Rc1 Be6 44. f3 g4 45. fxg4 Bd5+ 46. Kg1 Rxg4 47. Rc5 Bf7 48. Kf2 Rf4+ 49. Ke2 Rh4 50. Nf1 Kg5 51. Rc7 Bh5+ 52. Kd2 a5 53. Ra7 Rf4 54. Rg7+ Kh6 55. Ng3 Bg6 56. Rg8 e4 57. Ne2 e3+ 58. Ke1 Rh4 $19 (58... Rf2 $142 59. Rxg6+ Kxg6 60. Nxd4 Rxh2) 0-1

[Event "Faroes Open 2018"]
[Site "Sandavagur"]
[Date "2018.07.09"]
[Round "3"]
[White "Esteve Sanchez, Sergio"]
[Black "Tummasarson, Flóvin Matras"]
[Result "1-0"]
[ECO "A03"]
[WhiteElo "1994"]
[BlackElo "1237"]
[Annotator "NA"]
[PlyCount "55"]
[EventDate "2018.07.07"]
[EventType "swiss"]
[EventCountry "FAI"]
[SourceTitle "playchess.com"]
[Source "ChessBase"]
[SourceQuality "1"]
[TimeControl "40/5400+30:900+30"]

1. f4 d5 2. Nf3 Nc6 3. e3 Bf5 4. Bb5 Nf6 5. b3 a6 6. Bxc6+ bxc6 7. Bb2 e6 8. Ne5 c5 9. d3 Bd6 10. Nd2 Bxe5 11. Bxe5 O-O 12. Nf3 Ng4 13. Qe2 Nxe5 14. fxe5 Bg4 15. O-O f6 16. exf6 Rxf6 17. h3 Bh5 18. Rf2 Qd6 19. Raf1 Qg3 20. e4 Raf8 21. exd5 exd5 22. Qe5 Qxe5 23. Nxe5 Rxf2 24. Rxf2 Re8 25. Nd7 h6 26. Nxc5 Re1+ 27. Kh2 Rc1 28. Nxa6 1-0

[Event "Faroes Open 2018"]
[Site "Sandavagur"]
[Date "2018.07.09"]
[Round "3"]
[White "Fjallheim, Leif Reinert"]
[Black "Nilssen, Ellen Fredericia"]
[Result "0-1"]
[ECO "C03"]
[WhiteElo "1886"]
[BlackElo "2152"]
[Annotator "NA"]
[PlyCount "116"]
[EventDate "2018.07.07"]
[EventType "swiss"]
[EventCountry "FAI"]
[SourceTitle "playchess.com"]
[Source "ChessBase"]
[SourceQuality "1"]
[TimeControl "40/5400+30:900+30"]

1. e4 e6 2. d4 d5 3. Nd2 Be7 4. Bd3 c5 5. dxc5 Nf6 6. Qe2 a5 {[%emt 0:13:58] C03: French Tarrasch: Unusual Black 3rd moves} (6... O-O 7. Ngf3 a5 8. O-O Na6 9. e5 Nd7 10. c4 Ndxc5 11. Bb1 d4 12. Rd1 d3 13. Qe3 b6 14. Ne1 Bb7 15. Nxd3 {½-½ (57) Liang,A (2552)-So,W (2786) Saint Louis 2018}) 7. Ngf3 Na6 8. e5 Nd7 9. c3 Naxc5 10. Bc2 b6 11. Nd4 $146 ({Predecessor:} 11. O-O Ba6 12. c4 dxc4 13. Nxc4 {½-½ (56) Peiris,T (2099)-Cordes,H (2250) London 2015}) 11... Ba6 12. Qe3 Bb7 13. Qg3 g6 14. h4 Qc7 15. Nb5 Qxe5+ 16. Qxe5 Nxe5 17. Nc7+ Kd7 18. Nxa8 Rxa8 19. Nf3 Ned3+ 20. Kf1 Ba6 21. Kg1 h5 22. Rb1 Nxc1 23. Rxc1 Ke8 24. Kh2 Nd3 25. Bxd3 Bxd3 26. Rhe1 Rc8 27. Re3 Be4 28. Nd2 Bc5 29. Rh3 Bf5 30. Rf3 Bg4 31. Rd3 Bf5 32. Rf3 Bg4 33. Rd3 Bxf2 34. Nf3 Bxf3 35. Rxf3 Bxh4 36. Rcf1 f6 37. g3 Bg5 38. Re1 Kd7 39. Kg2 h4 40. gxh4 Bxh4 41. Rh1 Bg5 42. Rh7+ Kd6 43. Rg7 Rc4 44. Rxg6 Re4 45. Rg8 $11 Ke5 46. Rb8 Be3 47. Rf1 Bc5 48. Rb1 a4 49. b4 axb3 50. axb3 Re2+ 51. Kf1 Rf2+ 52. Ke1 Rg2 53. Rd1 Ke4 54. Rd2 Rg1+ 55. Ke2 Rh1 56. Rg8 f5 57. Rg2 f4 58. Rd1 f3+ 0-1

[Event "Faroes Open 2018"]
[Site "Sandavagur"]
[Date "2018.07.09"]
[Round "3"]
[White "Olsen, Kaj"]
[Black "Petersen, Gutti"]
[Result "1-0"]
[ECO "C14"]
[WhiteElo "1696"]
[BlackElo "1596"]
[Annotator "NA"]
[PlyCount "99"]
[EventDate "2018.07.07"]
[EventType "swiss"]
[EventCountry "FAI"]
[SourceTitle "playchess.com"]
[Source "ChessBase"]
[SourceQuality "1"]
[TimeControl "40/5400+30:900+30"]

1. e4 e6 2. d4 d5 3. Nc3 Nf6 4. Bg5 Be7 5. e5 Nfd7 6. Bxe7 Qxe7 7. f4 Nb6 8. Nf3 a6 9. Be2 c5 10. Qd2 Nc6 11. g3 Bd7 12. Qe3 cxd4 13. Nxd4 Qc5 14. O-O-O Rc8 15. Qg1 Na5 16. Nb3 Nxb3+ 17. axb3 Qc6 18. Bd3 Qc7 19. Qf2 g6 20. h4 h5 21. Rdg1 Qc5 22. Qxc5 Rxc5 23. g4 Ke7 24. gxh5 Rxh5 25. Rg5 Rxg5 26. hxg5 Rc8 27. Rh7 Rg8 28. Kd2 Bc6 29. Ke3 Nd7 30. Ne2 Nf8 31. Rh2 Rg7 32. Nd4 Kd7 33. Rh8 Ke7 34. Nxc6+ bxc6 35. Bxa6 Rh7 36. Rxh7 Nxh7 37. Bb7 c5 38. b4 cxb4 39. Kd4 Kd7 40. Kc5 Kc7 41. Bc6 Kd8 42. Kxb4 Nf8 43. Kc5 Nd7+ 44. Bxd7 Kxd7 45. b4 Kc7 46. b5 Kb7 47. b6 Kb8 48. Kc6 Kc8 49. b7+ Kb8 50. c3 1-0

[Event "Faroes Open 2018"]
[Site "Sandavagur"]
[Date "2018.07.09"]
[Round "3"]
[White "Joensen, Hans Petur"]
[Black "Fjallheim, Benjamin Reinert"]
[Result "1-0"]
[ECO "C50"]
[WhiteElo "1627"]
[BlackElo "1375"]
[Annotator "NA"]
[PlyCount "87"]
[EventDate "2018.07.07"]
[EventType "swiss"]
[EventCountry "FAI"]
[SourceTitle "playchess.com"]
[Source "ChessBase"]
[SourceQuality "1"]
[TimeControl "40/5400+30:900+30"]

1. e4 e5 2. Nf3 Nc6 3. Bc4 Bc5 4. O-O Nf6 5. d3 d6 6. Bg5 h6 7. Bh4 g5 8. Bg3 Bg4 9. c3 Nh5 10. Nbd2 Ne7 11. b4 Bb6 12. Qb3 Rf8 13. a4 a6 14. d4 f5 15. exf5 d5 16. Bxe5 dxc4 17. Qxc4 Bxf5 18. Rfe1 Qd7 19. a5 Ba7 20. h3 Rc8 21. g4 Be6 22. Qe2 Bxg4 23. hxg4 Qxg4+ 24. Bg3 Rf7 25. Qe6 Qf5 26. Re5 Qxe6 27. Rxe6 Rf6 28. Rae1 Rxe6 29. Rxe6 Nxg3 30. fxg3 g4 31. Ne5 h5 32. Ne4 b6 33. Ng5 Kf8 34. Nd7+ Ke8 35. Nf6+ Kf8 36. Nxh5 Nd5 37. Rc6 Re8 38. Nf6 Nxf6 39. Rxf6+ Kg7 40. Re6 Rf8 41. Rc6 Re8 42. Rxc7+ Kg6 43. Rxa7 Kxg5 {[%emt 0:00:13] ax} 44. axb6 1-0

[Event "Faroes Open 2018"]
[Site "Sandavagur"]
[Date "2018.07.09"]
[Round "3"]
[White "Nielsen, Suni í Horni"]
[Black "Nielsen, Jón í Horni"]
[Result "0-1"]
[ECO "C55"]
[WhiteElo "1487"]
[BlackElo "1735"]
[Annotator "NA"]
[PlyCount "124"]
[EventDate "2018.07.07"]
[EventType "swiss"]
[EventCountry "FAI"]
[SourceTitle "playchess.com"]
[Source "ChessBase"]
[SourceQuality "1"]
[TimeControl "40/5400+30:900+30"]

1. e4 e5 2. Nf3 Nc6 3. Bc4 Nf6 4. d3 h6 5. c3 Bc5 6. Nbd2 d6 7. Nf1 O-O 8. Ng3 Ne7 9. Nh4 Bg4 10. Qd2 d5 11. exd5 Nexd5 12. h3 Be6 13. Ngf5 Bxf5 14. Nxf5 Qd7 15. Ng3 Nf4 16. Rg1 b5 17. Bb3 Nxd3+ 18. Kf1 Bxf2 19. Bc2 Bxg3 20. Qxd3 Qxd3+ 21. Bxd3 Rad8 22. Be2 Ne4 23. Be3 Bh2 24. Rh1 Ng3+ 25. Kf2 Nxh1+ 26. Rxh1 Bf4 27. Bxa7 Rd2 28. Rb1 Ra8 29. Be3 Bxe3+ 30. Kxe3 Rd6 31. Bxb5 Rxa2 32. Bc4 Ra8 33. Rf1 Rf8 34. Rf2 Rd1 35. Bb3 Re1+ 36. Kd2 Re4 37. Kd3 Rf4 38. Re2 e4+ 39. Ke3 Rf6 40. Rd2 Rd6 41. Rf2 Rf6 42. Rd2 Re8 43. Ba4 Ree6 44. Bc2 Re5 45. Re2 c5 46. Rd2 Rg6 47. Rf2 Rd6 48. Re2 g5 49. g3 Rf6 50. Rg2 Rf3+ 51. Ke2 f5 52. Rg1 c4 53. Rg2 Rb5 54. Kd2 Rxb2 55. Kc1 Ra2 56. Rg1 Ra1+ 57. Bb1 Rxc3+ 58. Kb2 Rxb1+ 59. Kxb1 Kf7 60. Kb2 Rd3 61. Rf1 Ke6 62. Ra1 Rxg3 0-1

[Event "Faroes Open 2018"]
[Site "Sandavagur"]
[Date "2018.07.09"]
[Round "3"]
[White "Jacobsen, Markus"]
[Black "Maroroa, Sue"]
[Result "0-1"]
[ECO "C54"]
[WhiteElo "1106"]
[BlackElo "2104"]
[Annotator "NA"]
[PlyCount "50"]
[EventDate "2018.07.07"]
[EventType "swiss"]
[EventCountry "FAI"]
[SourceTitle "playchess.com"]
[Source "ChessBase"]
[SourceQuality "1"]
[TimeControl "40/5400+30:900+30"]

1. e4 e5 2. Nf3 Nc6 3. Bc4 Bc5 4. c3 Nf6 5. d4 exd4 6. e5 d5 7. exf6 dxc4 8. fxg7 Rg8 9. Na3 Qe7+ 10. Kf1 Bg4 11. Nxc4 O-O-O 12. Bg5 f6 13. Bh4 dxc3 14. Qc2 Bxf3 15. gxf3 Nd4 16. Qxc3 Qe2+ 17. Kg2 Bb4 18. Rae1 Bxc3 19. Rxe2 Nxe2 20. bxc3 Rxg7+ 21. Kf1 Rd1+ 22. Kxe2 Rxh1 23. Bxf6 Rg6 24. Be5 Re6 25. f4 Rxh2 0-1

[Event "Faroes Open 2018"]
[Site "Sandavagur"]
[Date "2018.07.09"]
[Round "3"]
[White "Petersen, Elias"]
[Black "Djurhuus, Arant"]
[Result "0-1"]
[ECO "C47"]
[WhiteElo "1035"]
[BlackElo "1703"]
[Annotator "NA"]
[PlyCount "74"]
[EventDate "2018.07.07"]
[EventType "swiss"]
[EventCountry "FAI"]
[SourceTitle "playchess.com"]
[Source "ChessBase"]
[SourceQuality "1"]
[TimeControl "40/5400+30:900+30"]

1. e4 e5 2. Nf3 Nf6 3. Nc3 Nc6 4. Bc4 Nxe4 5. O-O Nxc3 6. dxc3 Be7 7. Re1 d6 8. Be3 Bg4 9. h3 Bh5 10. b4 O-O 11. Bb3 Bf6 12. Qd5 Qc8 13. Nh2 Ne7 14. Qc4 d5 15. Qd3 Bg6 16. Qe2 e4 17. Bd4 Bxd4 18. cxd4 c6 19. f3 Nf5 20. c3 Nd6 21. a4 a6 22. c4 dxc4 23. Bxc4 Nxc4 24. Qxc4 Re8 25. d5 cxd5 26. Qxd5 Rd8 27. Qb3 Rd3 28. Qb2 e3 29. Rac1 Qd7 30. Kf1 h5 31. a5 Re8 32. f4 Be4 33. Kg1 Rd2 34. Qc3 Rxg2+ 35. Kf1 Rf2+ 36. Kg1 Qxh3 37. Rc2 Qg2# 0-1

[Event "Faroes Open 2018"]
[Site "Sandavagur"]
[Date "2018.07.09"]
[Round "4"]
[White "Nakar, Eylon"]
[Black "Kunin, Vitaly"]
[Result "1/2-1/2"]
[ECO "C41"]
[WhiteElo "2462"]
[BlackElo "2538"]
[Annotator "ChessBase"]
[PlyCount "48"]
[EventDate "2018.07.07"]
[EventType "swiss"]
[EventCountry "FAI"]
[SourceTitle "playchess.com"]
[Source "ChessBase"]
[SourceQuality "1"]
[TimeControl "40/5400+30:900+30"]

1. e4 d6 2. d4 Nf6 3. Nc3 e5 4. Nf3 Nbd7 5. Bc4 Be7 6. O-O O-O 7. a4 c6 8. h3 Qc7 9. Re1 h6 10. Be3 Re8 11. d5 Nf8 12. Bb3 Ng6 13. a5 c5 14. Bc4 Bd7 15. Nd2 Rf8 16. a6 b6 17. Bb5 Bxb5 18. Nxb5 Qd7 19. c4 Ne8 20. Qg4 Qd8 21. Ra3 Nf6 22. Qd1 Ne8 23. Qg4 Nf6 24. Qd1 Ne8 1/2-1/2

[Event "Faroes Open 2018"]
[Site "Sandavagur"]
[Date "2018.07.09"]
[Round "4"]
[White "Jotic, Vladimir"]
[Black "Nilssen, John Arni"]
[Result "1/2-1/2"]
[ECO "B24"]
[WhiteElo "2387"]
[BlackElo "2301"]
[Annotator "RC"]
[PlyCount "89"]
[EventDate "2018.07.07"]
[EventType "swiss"]
[EventCountry "FAI"]
[SourceTitle "playchess.com"]
[Source "ChessBase"]
[SourceQuality "1"]
[TimeControl "40/5400+30:900+30"]

1. e4 c5 2. Nc3 Nc6 3. g3 g6 4. Bg2 Bg7 5. Nge2 e6 6. O-O Nge7 7. d3 d6 8. h3 Rb8 9. a4 a6 10. g4 b5 11. axb5 axb5 12. Ng3 Nd4 13. f4 b4 14. Nce2 f5 15. Nxd4 Bxd4+ 16. Kh2 O-O 17. exf5 exf5 18. g5 Bb7 19. Bxb7 Rxb7 20. Qf3 Qd7 21. Ne2 Bg7 22. Ng1 Rbb8 23. Ra6 Rbe8 24. b3 d5 25. Be3 Qc7 26. Qf2 d4 27. Bd2 Ra8 28. Rfa1 Qb7 29. Rxa8 Rxa8 30. Qe1 Kf7 31. Qf1 Rxa1 32. Qxa1 Nd5 33. Qa5 Qc7 34. Qxc7+ Nxc7 35. Kg2 Bf8 36. Kf3 Bd6 37. h4 Ke6 38. Kg3 Nb5 39. Nf3 Na3 40. Ne1 Nb1 41. Bc1 Kd5 42. Kf2 Bc7 43. Nf3 Ke6 44. Ne1 Nc3 45. Kf3 1/2-1/2

[Event "Faroes Open 2018"]
[Site "Sandavagur"]
[Date "2018.07.09"]
[Round "4"]
[White "Haubro, Martin"]
[Black "Esteve Sanchez, Sergio"]
[Result "1/2-1/2"]
[ECO "B90"]
[WhiteElo "2373"]
[BlackElo "1994"]
[Annotator "ChessBase"]
[PlyCount "80"]
[EventDate "2018.07.07"]
[EventType "swiss"]
[EventCountry "FAI"]
[SourceTitle "playchess.com"]
[Source "ChessBase"]
[SourceQuality "1"]
[TimeControl "40/5400+30:900+30"]

1. e4 c5 2. Nf3 d6 3. d4 cxd4 4. Nxd4 Nf6 5. Nc3 a6 6. h3 b5 7. g4 Bb7 8. Bg2 e6 9. g5 b4 10. gxf6 bxc3 11. fxg7 Bxg7 12. bxc3 Qc7 13. O-O h5 14. Qd3 Nd7 15. Qg3 Bf6 16. Rb1 h4 17. Qe3 Rg8 18. Ba3 O-O-O 19. Kh1 Bg5 20. Qe2 Bf4 21. Qf3 e5 22. Nf5 Nf6 23. Rb4 a5 24. Rxb7 Kxb7 25. Qd3 Ka7 26. Nxd6 Qc6 27. Bf3 Rb8 28. c4 Rgd8 29. c5 Ne8 30. c4 Nc7 31. Qc3 Ka6 32. Qd3 Ne6 33. Qd5 Nd4 34. Bg4 Qa4 35. Bc1 Rb1 36. Bxf4 Rxf1+ 37. Kg2 Rxf2+ 38. Kxf2 Qxa2+ 39. Ke1 Qa1+ 40. Kf2 Qa2+ 1/2-1/2

[Event "Faroes Open 2018"]
[Site "Sandavagur"]
[Date "2018.07.09"]
[Round "4"]
[White "Rodgaard, John"]
[Black "Ziska, Helgi Dam"]
[Result "0-1"]
[ECO "A48"]
[WhiteElo "2319"]
[BlackElo "2552"]
[Annotator "ChessBase"]
[PlyCount "56"]
[EventDate "2018.07.07"]
[EventType "swiss"]
[EventCountry "FAI"]
[SourceTitle "playchess.com"]
[Source "ChessBase"]
[SourceQuality "1"]
[TimeControl "40/5400+30:900+30"]

1. d4 Nf6 2. Nf3 g6 3. c4 Bg7 4. Nc3 d6 5. e3 O-O 6. Be2 Nbd7 7. O-O e5 8. b4 exd4 9. exd4 Nb6 10. Qb3 a5 11. b5 a4 12. Qb4 Re8 13. Be3 Bf5 14. Rfe1 Bf8 15. Rac1 Nxc4 16. Qxc4 d5 17. Nxd5 Nxd5 18. Bg5 Qd6 19. Bh4 Nb6 20. Qc3 Qa3 21. Qxc7 Rac8 22. Qxb6 Rxc1 23. Kf1 Rxe2 24. Rxc1 Qxc1+ 25. Kxe2 Qc4+ 26. Ke3 Qd3+ 27. Kf4 Qe4+ 28. Kg3 Qg4# 0-1

[Event "Faroes Open 2018"]
[Site "Sandavagur"]
[Date "2018.07.09"]
[Round "4"]
[White "Nilssen, Ellen Fredericia"]
[Black "Vavulin, Maksim"]
[Result "0-1"]
[ECO "A04"]
[WhiteElo "2152"]
[BlackElo "2552"]
[Annotator "ChessBase"]
[PlyCount "64"]
[EventDate "2018.07.07"]
[EventType "swiss"]
[EventCountry "FAI"]
[SourceTitle "playchess.com"]
[Source "ChessBase"]
[SourceQuality "1"]
[TimeControl "40/5400+30:900+30"]

1. Nf3 g6 2. g3 Bg7 3. Bg2 e5 4. d3 f5 5. e4 Ne7 6. O-O O-O 7. Re1 Nbc6 8. Nbd2 d6 9. Nf1 f4 10. c3 h6 11. d4 g5 12. h3 Qe8 13. d5 Nb8 14. g4 Nd7 15. N3d2 a5 16. a4 Nc5 17. Nb1 Bd7 18. b3 c6 19. c4 cxd5 20. exd5 e4 21. Ra2 Ng6 22. Bxe4 Nxe4 23. Qc2 Ne5 24. Rxe4 h5 25. Nh2 hxg4 26. hxg4 Qg6 27. f3 Nxf3+ 28. Nxf3 Bxg4 29. Qe2 Rae8 30. Nbd2 Bd4+ 31. Kf1 Qh5 32. Qg2 Bh3 0-1

[Event "Faroes Open 2018"]
[Site "Sandavagur"]
[Date "2018.07.09"]
[Round "4"]
[White "Nielsen, Torkil"]
[Black "Kristiansen, Jens"]
[Result "0-1"]
[ECO "B06"]
[WhiteElo "2115"]
[BlackElo "2380"]
[Annotator "ChessBase"]
[PlyCount "62"]
[EventDate "2018.07.07"]
[EventType "swiss"]
[EventCountry "FAI"]
[SourceTitle "playchess.com"]
[Source "ChessBase"]
[SourceQuality "1"]
[TimeControl "40/5400+30:900+30"]

1. e4 g6 2. d4 Bg7 3. Nf3 d6 4. Bc4 Nf6 5. Qe2 O-O 6. O-O Bg4 7. Nc3 Nc6 8. Be3 e5 9. d5 Nd4 10. Bxd4 exd4 11. Nb5 Re8 12. Nbxd4 Rxe4 13. Qd3 Bxf3 14. Nxf3 Qd7 15. Rae1 Rae8 16. Bb5 c6 17. dxc6 bxc6 18. Bc4 d5 19. Bb3 Qe7 20. Rd1 Qc5 21. c3 Ng4 22. h3 Ne3 23. fxe3 Rxe3 24. Qb1 Rxf3+ 25. Kh1 Rxf1+ 26. Rxf1 Re2 27. Re1 Qf2 28. Rxe2 Qxe2 29. Ba4 c5 30. Qd1 Qxb2 31. Be8 Qxc3 0-1

[Event "Faroes Open 2018"]
[Site "Sandavagur"]
[Date "2018.07.09"]
[Round "4"]
[White "Hruby, Milan"]
[Black "Simonsen, Hans Kristian"]
[Result "1-0"]
[ECO "D35"]
[WhiteElo "2031"]
[BlackElo "2150"]
[Annotator "NA"]
[PlyCount "49"]
[EventDate "2018.07.07"]
[EventType "swiss"]
[EventCountry "FAI"]
[SourceTitle "playchess.com"]
[Source "ChessBase"]
[SourceQuality "1"]
[TimeControl "40/5400+30:900+30"]

1. d4 Nf6 2. c4 e6 3. Nc3 d5 4. cxd5 Nxd5 5. e4 Nxc3 6. bxc3 c5 7. a3 Nd7 8. Nf3 Qc7 9. Be2 b6 10. O-O Bb7 11. Bd3 Be7 12. e5 O-O 13. Ng5 Bxg5 14. Bxg5 Rfc8 15. Qg4 Nf8 16. h4 cxd4 17. cxd4 Qc3 18. Rfd1 Kh8 19. h5 h6 20. Bf6 gxf6 21. exf6 Ng6 22. hxg6 Qa5 23. Re1 Rc3 24. Re5 Rxd3 25. gxf7 1-0

[Event "Faroes Open 2018"]
[Site "Sandavagur"]
[Date "2018.07.09"]
[Round "4"]
[White "Fruehauf, Norbert"]
[Black "Olsen, Kaj"]
[Result "1-0"]
[ECO "C42"]
[WhiteElo "1958"]
[BlackElo "1696"]
[Annotator "NA"]
[PlyCount "59"]
[EventDate "2018.07.07"]
[EventType "swiss"]
[EventCountry "FAI"]
[SourceTitle "playchess.com"]
[Source "ChessBase"]
[SourceQuality "1"]
[TimeControl "40/5400+30:900+30"]

1. e4 e5 2. Nf3 Nf6 3. Nxe5 d6 4. Nf3 Nxe4 5. d4 d5 6. Bd3 Bf5 7. O-O Be7 8. Re1 Nd7 9. c4 c6 10. Qc2 Ndf6 11. Ne5 O-O 12. f3 Bb4 13. Rd1 Re8 14. fxe4 dxe4 15. Be2 c5 16. Be3 Rc8 17. a3 Ba5 18. b4 cxb4 19. axb4 Bxb4 20. Rxa7 Qb6 21. Ra4 Rxe5 22. Rxb4 Qxb4 23. dxe5 Ng4 24. Bxg4 Bxg4 25. Qd2 Qf8 26. Rc1 Rd8 27. Qf2 Qb4 28. Nd2 Qb2 29. Nxe4 Qxe5 30. Qh4 1-0

[Event "Faroes Open 2018"]
[Site "Sandavagur"]
[Date "2018.07.09"]
[Round "4"]
[White "Haubro, Siv"]
[Black "Jacobsen, Markus"]
[Result "1-0"]
[ECO "C02"]
[WhiteElo "1780"]
[BlackElo "1106"]
[Annotator "NA"]
[PlyCount "31"]
[EventDate "2018.07.07"]
[EventType "swiss"]
[EventCountry "FAI"]
[SourceTitle "playchess.com"]
[Source "ChessBase"]
[SourceQuality "1"]
[TimeControl "40/5400+30:900+30"]

1. e4 e6 2. d4 d5 3. e5 c5 4. c3 g6 5. Nf3 Qa5 6. Nbd2 c4 7. Be2 Nc6 8. O-O Bd7 9. Re1 O-O-O 10. Nf1 Bg7 11. Bg5 Nce7 12. b4 cxb3 13. axb3 Qb6 14. Qc2 Kb8 15. c4 Rc8 16. c5 1-0